 Dungeon Crawl Stone Soup version 0.30-a0-920-g7493c07aab (webtiles) character file.

Game seed: 3024049736541941082

5487 kiwi3s the Fighter (level 10, 0/90 (93) HPs)
             Began as a Minotaur Berserker on Mar 21, 2023.
             Was a High Priest of Trog.
             Killed from afar by Erica (22 damage)
             ... with a bolt of poison
             ... on level 8 of the Dungeon.
             The game lasted 00:09:10 (8754 turns).

kiwi3s the Fighter (Minotaur Berserker)             Turns: 8754, Time: 00:09:11

HP:   0/90 (93)     AC: 16    Str: 26    XL:     10   Next: 42%
MP:   9/9           EV: 14    Int:  4    God:    Trog [*****.]
Gold: 340           SH:  0    Dex: 22    Spells: 9/9 levels left

rFire   . . .      SeeInvis .    a - +0 hand axe
rCold   . . .      Faith    .    (no shield)
rNeg    . . .      Spirit   .    z - +0 chain mail
rPois   .          Reflect  .    (helmet restricted)
rElec   .          Rampage  .    C - +0 cloak
rCorr   .                        (no gloves)
Will    .....                    w - +2 pair of boots Stlth
                                 (no amulet)
HPRegen 0.35/turn                o - +6 ring of dexterity
MPRegen 0.11/turn                v - +6 ring of dexterity

@: confused, lethally poisoned (0 -> -16), on berserk cooldown, hasted and
slowed, lightly drained
A: horns 2, retaliatory headbutt
a: Renounce Religion, Berserk, Trog's Hand, Brothers in Arms


You were on level 8 of the Dungeon.
You worshipped Trog.
Trog was extremely pleased with you.
You visited 1 branch of the dungeon, and saw 8 of its levels.
You also visited: Bailey.

You collected 340 gold pieces.

Inventory:

Hand Weapons
 a - a +0 hand axe (weapon)
Missiles
 B - 2 throwing nets (quivered)
Armour
 b - a +0 animal skin
 n - a +0 pair of boots
 w - a +2 pair of boots (worn)
 z - a +0 chain mail (worn)
 C - a +0 cloak (worn)
 I - the +9 plate armour of Feasting {Stlth+}
   (You found it in a bailey)

   Stlth:     It makes you more stealthy.
 J - the +6 scale mail of Minor Irritation {Harm}
   (You found it in a bailey)

   Harm:      It increases damage dealt and taken.
Jewellery
 o - a +6 ring of dexterity (left hand)
 q - an amulet of magic regeneration
 v - a +6 ring of dexterity (right hand)
 y - a +6 ring of dexterity
Wands
 j - a wand of flame (36)
 E - a wand of polymorph (11)
Scrolls
 c - a scroll of fear {unknown}
 f - a scroll of fog {unknown}
 g - 9 scrolls of identify {unknown}
 k - a scroll of immolation {unknown}
 m - a scroll of noise {unknown}
 p - 3 scrolls of butterflies {unknown}
 r - 3 scrolls of enchant weapon {unknown}
 s - 3 scrolls of teleportation {unknown}
 t - a scroll of amnesia {unknown}
 A - a scroll of enchant armour {unknown}
 H - a scroll of acquirement
 K - a scroll of vulnerability {unknown}
Potions
 e - a potion of invisibility {unknown}
 h - 2 potions of magic {unknown}
 i - a potion of heal wounds
 l - 3 potions of attraction {unknown}
 u - 2 potions of might {unknown}
 x - 2 potions of lignification {unknown}
 D - a potion of flight {unknown}
 F - a potion of experience
 G - a potion of mutation {unknown}


   Skills:
 + Level 10.1 Fighting
 + Level 10.0 Axes
 + Level 9.7 Armour
 + Level 8.8 Dodging


You had 9 spell levels left.
You didn't know any spells.
Your spell library was empty.

Dungeon Overview and Level Annotations

Branches:
Dungeon (8/15)             Temple (0/1) D:6          Bailey (visited)
   Lair: D:8-11

Altars:
Cheibriados
Elyvilon
Fedhas
Nemelex Xobeh
Ru
Sif Muna
Xom
Yredelemnul

Annotations:
D:8 Erica


Innate Abilities, Weirdness & Mutations

You have a pair of horns on your head.
You reflexively headbutt those who attack you in melee.


Message History

You hit Erica but do no damage.
Erica is moderately wounded.
You miss the orc priest. You hit the orc. x2
You hit the orc but do no damage. The orc hits you but does no damage. x2
The orc closely misses you.
The orc priest looks encouraged for a moment.
Erica hits you with a +2 scimitar of flaming.
Erica burns you.
You miss Erica.
Erica is moderately wounded.
You slash the orc!
You kill the orc!
Trog accepts your kill.
You hit the orc.
You kill the orc!
Trog accepts your kill.
You miss the orc. You closely miss the orc priest.
The orc priest attacks as you move away!
The orc priest hits you but does no damage.
Erica closely misses you. The orc misses you.
You are too injured to fight recklessly!
Unknown command.
The orc priest barely misses you. Erica completely misses you.
The orc priest attacks as you move away!
The orc priest hits you but does no damage.
Erica mumbles some strange words.
Erica flickers and vanishes!
Deactivating autopickup; reactivate with Ctrl-A.
The orc misses you.
Unknown command.
You are too injured to fight recklessly!
The orc attacks as you move away! The orc closely misses you.
The orc priest mumbles some strange prayers to Beogh against you.
Pain shoots through your body!
* * * LOW HITPOINT WARNING * * *
You hear some strange, mumbled words.
A bolt of poison appears from out of thin air!
The bolt of poison hits you!!
You are poisoned.
You die...

##### ######....#
#...@.....# .
#..{o.....#
....###.)oo.....##
~.......)..........
~...######....#....
. #.#### ###
####.### #......#
#.#....#


You could see an orc priest and 2 orcs.

Vanquished Creatures
  Joseph (D:7)
  Maggie (D:7)
  2 kobold demonologists (Bailey)
  Sigmund (D:5)
  Eustachio (D:5)
  A water moccasin (D:7)
  11 orc warriors
  2 sky beasts
  An ice beast (D:7)
  3 ogres
  A kobold brigand (D:7)
  Blork the orc (D:5)
  4 bullfrogs (D:6)
  6 scorpions
  3 wights (D:8)
  3 killer bees (D:7)
  5 electric eels (Bailey)
  A howler monkey (D:5)
  4 hounds
  3 jellies
  2 gnoll boudas
  6 orc priests
  5 iguanas
  Ijyb (D:5)
  6 orc wizards
  14 gnolls
  7 adders
  2 white imps (D:5)
  3 ufetubi
  A worm (D:4)
  4 dart slugs
  38 orcs
  7 ball pythons
  9 bats
  11 endoplasms
  2 giant cockroaches (D:3)
  14 goblins
  12 hobgoblins
  2 jackals (D:1)
  4 quokkas
  13 kobolds
  3 rats
221 creatures vanquished.

Vanquished Creatures (others)
  An ogre (D:5)
  A hound (D:5)
2 creatures vanquished.

Grand Total: 223 creatures vanquished

Notes
Turn   | Place    | Note
-------+----------+-------------------------------------------
     0 | D:1      | kiwi3s the Minotaur Berserker began the quest for the Orb.
     0 | D:1      | Reached XP level 1. HP: 19/19 MP: 0/0
    62 | D:1      | Reached XP level 2. HP: 10/27 MP: 1/1
   140 | D:1      | Found a faded altar of an unknown god.
   332 | D:1      | Reached XP level 3. HP: 32/33 MP: 2/2
   608 | D:1      | Reached ** piety under Trog
  1064 | D:2      | Reached XP level 4. HP: 19/40 MP: 3/3
  1438 | D:2      | Found a basalt altar of Yredelemnul.
  1835 | D:3      | Found a sparkling altar of Nemelex Xobeh.
  2531 | D:4      | Reached XP level 5. HP: 10/47 MP: 4/4
  2800 | D:4      | Reached skill level 5 in Fighting
  2800 | D:4      | Reached skill level 5 in Axes
  2900 | D:4      | Reached XP level 6. HP: 29/56 MP: 5/5
  3063 | D:4      | Identified the +1 ring mail of the Dancing Gods {Int+4}
  3423 | D:5      | Entered Level 5 of the Dungeon
  3423 | D:5      | Noticed Sigmund
  3426 | D:5      | Noticed Eustachio
  3432 | D:5      | Killed Sigmund
  3435 | D:5      | Killed Eustachio
  3436 | D:5      | Reached skill level 5 in Armour
  3436 | D:5      | Reached XP level 7. HP: 62/62 MP: 6/6
  3700 | D:5      | Reached *** piety under Trog
  3817 | D:5      | Noticed Blork the orc
  3824 | D:5      | Reached skill level 5 in Dodging
  3827 | D:5      | Killed Blork the orc
  4075 | D:5      | Found a snail-covered altar of Cheibriados.
  4432 | D:5      | Found a shimmering altar of Xom.
  4443 | D:5      | Reached XP level 8. HP: 54/71 MP: 7/7
  5020 | D:5      | Noticed Ijyb
  5033 | D:5      | Killed Ijyb
  5334 | D:6      | Found a blossoming altar of Fedhas.
  5507 | D:6      | Found a white marble altar of Elyvilon.
  5538 | D:6      | Reached **** piety under Trog
  5539 | D:6      | Found a staircase to the Ecumenical Temple.
  6069 | D:7      | Reached XP level 9. HP: 53/81 MP: 8/8
  6435 | D:7      | Found a sacrificial altar of Ru.
  6652 | D:7      | Noticed Joseph
  6666 | D:7      | Killed Joseph
  6884 | D:7      | Noticed Maggie
  6905 | D:7      | Killed Maggie
  7104 | D:7      | Found a shimmering blue altar of Sif Muna.
  7209 | D:8      | Found a flagged portal.
  7244 | Bailey   | Entered a bailey
  7426 | Bailey   | Reached XP level 10. HP: 88/91 MP: 9/9
  7522 | Bailey   | Found an iron altar of Okawaru.
  7524 | Bailey   | Noticed a smoke demon
  7528 | Bailey   | Noticed a sixfirhy
  7757 | Bailey   | Identified the +9 plate armour of Feasting {Stlth+}
  7758 | Bailey   | Identified the +6 scale mail of Minor Irritation {Harm}
  7856 | Bailey   | Reached ***** piety under Trog
  8250 | Bailey   | Reached skill level 10 in Fighting
  8263 | Bailey   | Reached skill level 10 in Axes
  8729 | D:8      | Noticed Erica
  8754 | D:8      | Killed from afar by Erica

Illustrated notes

Levels and vault maps discovered:
D:1:      lightli_arrival_statue_moat, layout_loops_ring,
          basic_ecumenical_altar, grunt_decor_arrowhead
D:2:      layout_loops_corners, basic_altar, kennysheep_pointless_box
D:3:      layout_rooms, nemelex_xobeh_ov_fountains_minmay
D:4:      minmay_wonky_spiral, layout_basic
D:5:      minmay_skewed_foursquare, layout_basic, kennysheep_little_box,
          xom_confusion_cloud, hex_tiny, uniq_eustachio, uniq_ijyb,
          uniq_sigmund, uniq_blork_the_orc
D:6:      layout_basic, lemuel_crystal_altar, elyvilon_altar_1,
          minmay_temple_entry_statues_pillars
D:7:      layout_basic, mainiacjoe_overflow_alcove_4,
          nicolae_sif_muna_little_library, dk_noncrumbling_4, grunt_ogre_cave,
          uniq_joseph, uniq_maggie
D:8:      layout_basic, enter_bailey_6, uniq_erica

Skill      XL: |  1  2  3  4  5  6  7  8  9 10 |
---------------+-------------------------------+-----
Axes           | 4 5 6 7 9 10 | 10.0
Fighting       | 4 5 6 8 9 10 | 10.1
Armour         | 3 4 5 6 7 9 |  9.7
Dodging        | 3 4 5 6 8 |  8.8

Action                     |  1- 3 |  4- 6 |  7- 9 | 10-12 || total
---------------------------+-------+-------+-------+-------++-------
  Melee: Hand axe          |    94 |   103 |   292 |   121 ||   610
         Headbutt          |    17 |    19 |    69 |    29 ||   134
         Punch             |     1 |     2 |     2 |     2 ||     7
 Invoke: Berserk           |       |     1 |     3 |     2 ||     6
  Evoke: Wand              |       |     1 |       |       ||     1
    Use: Potion            |       |       |       |     3 ||     3
   Stab: Distracted        |     1 |       |       |       ||     1
         Sleeping          |       |     2 |       |       ||     2
 Armour: Animal skin       |    27 |    25 |     8 |       ||    60
         Chain mail        |       |       |    75 |    34 ||   109
  Dodge: Dodged            |    60 |    49 |   178 |    75 ||   362

Table legend: (Time is in decaauts)
 A = Elapsed time spent in this place.
 B = Non-inter-level travel time spent in this place.
 C = Inter-level travel time spent in this place.
 D = Time resting spent in this place.
 E = Time spent auto-exploring this place.
 F = Levels seen in this place.
 G = Mean time per level.
                   A        B        C        D        E       F      G
               +--------+--------+--------+--------+--------+-----+--------+
         Total |   8761 |   8469 |    292 |   1478 |   5677 |   9 |  973.4 |
       Dungeon |   7465 |   7173 |    292 |   1032 |   5084 |   8 |  933.1 |
        Bailey |   1295 |   1295 |      0 |    446 |    593 |   1 | 1295.0 |
               +--------+--------+--------+--------+--------+-----+--------+

Top non-repeatable levels by time:
     D:5: 1732 daAuts
  Bailey: 1295 daAuts
     D:7: 1070 daAuts
     D:2: 1050 daAuts
     D:4: 947 daAuts
     D:6: 922 daAuts
     D:1: 848 daAuts
     D:3: 592 daAuts
     D:8: 301 daAuts
